 Dungeon Crawl Stone Soup version 0.19.5 (webtiles) character file.

627 equalderp2856 the Slasher (level 7, 0/54 HPs)
             Began as a Mummy Fighter on Mar 31, 2017.
             Slain by an unseen horror (7 damage)
             ... on level 1 of the Abyss.
             The game lasted 00:12:18 (5021 turns).

equalderp2856 the Slasher (Mummy Fighter)           Turns: 5021, Time: 00:12:20

Health: 0/54       AC: 10    Str: 20      XL:     7   Next: 23%
Magic:  7/7        EV:  5    Int:  8      God:
Gold:   233        SH:  9    Dex: 10 (12) Spells: 0 memorised, 6 levels left

rFire  x . .     SeeInvis .     a - +1 long sword
rCold  + . .     Gourm    .     y - +0 chain mail
rNeg   + + +     Faith    .     c - +0 shield
rPois  ∞         Spirit   .     (no helmet)
rElec  .         Reflect  .     (no cloak)
rCorr  .         Harm     .     u - +0 pair of gloves
MR     .....                    (no boots)
Stlth  ..........               (no amulet)
                                (no ring)
                                (no ring)

@: no status effects
A: no food or potions, fire vulnerability, cold resistance 1, negative energy
resistance 3, torment resistance, unbreathing
a: no special abilities


You were on level 1 of the Abyss.
You were not hungry.

You visited 1 branch of the dungeon, and saw 5 of its levels.
You visited the Abyss 1 time.

You collected 233 gold pieces.

Inventory:

Hand Weapons
 a - a +1 long sword (weapon)
 f - a +2 dagger of electrocution
 g - a +1 short sword of venom
 h - a +0 short sword of speed
 o - a +0 long sword
 r - a +0 dagger of venom
 s - a +0 club
 w - a +0 falchion
 B - a +4 dagger
 C - a +0 hunting sling
 E - a +0 longbow
 F - a +0 scimitar
Missiles
 k - 23 sling bullets
 l - 220 stones (quivered)
 m - 37 bolts
 n - 52 arrows
 z - 11 tomahawks
Armour
 b - a +0 scale mail
 c - a +0 shield (worn)
 q - a +0 buckler
 u - a +0 pair of gloves (worn)
 y - a +0 chain mail (worn)
 A - a +0 chain mail
 D - a +0 buckler
Wands
 t - a wand of polymorph (14/24)
Scrolls
 d - 3 scrolls of remove curse {unknown}
 e - 7 scrolls of identify {unknown}
 i - 3 scrolls of magic mapping {unknown}
 j - 3 scrolls of random uselessness {unknown}
 p - 2 scrolls of teleportation {unknown}
 v - 2 scrolls of enchant weapon
 x - a scroll of immolation {unknown}


   Skills:
 + Level 4.0 Fighting
 + Level 4.4 Long Blades
 + Level 3.9 Armour
 + Level 1.0 Dodging
 + Level 3.7 Shields


You had 6 spell levels left.
You didn't know any spells.

Dungeon Overview and Level Annotations

Branches:
Dungeon (5/15)
 Temple: D:4-7

Altars:
Elyvilon
Uskayaw

Shops:
D:5 [

Annotations:
D:5 Agrougrou's ghost, novice FoFi


Innate Abilities, Weirdness & Mutations

You do not eat or drink.
Your flesh is vulnerable to fire.
You are immune to poison.
Your flesh is cold resistant. (rC+)
You are immune to negative energy. (rN+++)
You are immune to unholy pain and torment.
You can survive without breathing.


Message History

Something hits you but does no damage. The smoke demon gestures at you.
The ball of steam hits you! The steam scalds you terribly!
You are engulfed in a cloud of scalding steam.
Something hits you but does no damage. Something hits you.
Something hits you but does no damage.
The wretched star pulses with an eldritch light!
Your body decomposes!
You feel clumsy. Something hits you.
The wretched star pulses with an eldritch light!
Something hits you but does no damage.
The wretched star pulses with an eldritch light!
Something hits you.
* * * LOW HITPOINT WARNING * * *
Something hits you but does no damage. Something hits you but does no damage.
Something hits you.
* * * LOW HITPOINT WARNING * * *
Something hits you but does no damage. Something hits you!
You die...

.# #...##...#...≈.#
..##..#..#*#..##
...[#...##..3..#####
....####.###...#.(.#
###. .# #..#....##.
#..##.#.#.#.#.#..# #
#.#.####.#..#.# .##
.#.#######..# .#
..## .## ##@#
#.....# #.#..### #
.#.. ..### ... ...
....


You could see a wretched star.

Vanquished Creatures
  A black bear (D:4)
  A sky beast (D:5)
  An ogre (D:4)
  A howler monkey (D:4)
  A hound (D:4)
  2 orc wizards (D:4)
  Ijyb (D:3)
  A worker ant (D:4)
  3 gnolls (D:2)
  5 adders
  An ooze (D:2)
  5 worms
  5 leopard geckos
  13 orcs
  9 giant cockroaches
  6 goblins
  A hobgoblin (D:1)
  5 jackals
  10 kobolds
  5 bats
  9 frilled lizards
  9 rats
95 creatures vanquished.

Vanquished Creatures (others)
  A leopard gecko (D:2)
1 creature vanquished.

Grand Total: 96 creatures vanquished

Notes
Turn   | Place    | Note
-------+----------+-------------------------------------------
     0 | D:1      | equalderp2856 the Mummy Fighter began the quest for the Orb.
     0 | D:1      | Reached XP level 1. HP: 18/18 MP: 1/1
   125 | D:1      | Reached XP level 2. HP: 22/24 MP: 2/2
   713 | D:2      | Noticed a hand axe
   724 | D:2      | Found a hide-covered altar of Uskayaw.
   725 | D:2      | Noticed a hand axe
   791 | D:2      | Reached XP level 3. HP: 15/29 MP: 3/3
  1130 | D:2      | Found a white marble altar of Elyvilon.
  1361 | D:2      | Reached XP level 4. HP: 21/35 MP: 4/4
  2174 | D:3      | Noticed Ijyb
  2183 | D:3      | Killed Ijyb
  2183 | D:3      | Reached XP level 5. HP: 40/41 MP: 5/5
  3234 | D:4      | Noticed an ogre
  3243 | D:4      | Killed an ogre
  3243 | D:4      | Reached XP level 6. HP: 32/47 MP: 6/6
  4317 | D:4      | Reached XP level 7. HP: 50/54 MP: 7/7
  4444 | D:5      | Entered Level 5 of the Dungeon
  4510 | D:5      | Reached skill level 1 in Dodging
  4566 | D:5      | Noticed Agrougrou's ghost (novice FoFi)
  4627 | D:5      | Found Ykol's Antique Armour Shoppe.
  4883 | D:1      | Cast into level 1 of the Abyss (orc wizard)
  5008 | Abyss:1  | Noticed a wretched star
  5014 | Abyss:1  | Noticed a smoke demon
  5021 | Abyss:1  | Slain by an unseen horror

Skill      XL: |  1  2  3  4  5  6  7 |
---------------+----------------------+-----
Long Blades    | 2 3 4 |  4.4
Armour         | 3 |  3.9
Shields        | 3 |  3.7
Fighting       | 4 |  4.0
Dodging        | 1 |  1.0

Action                   |  1- 3 |  4- 6 |  7- 9 || total
-------------------------+-------+-------+-------++-------
Melee: Long sword        |   129 |   208 |    21 ||   358
  Use: Scroll            |       |     1 |       ||     1
Armor: Scale mail        |    62 |    70 |       ||   132
       Chain mail        |       |    32 |    27 ||    59
Dodge: Dodged            |    61 |    67 |     3 ||   131
Block: Shield            |    80 |   109 |    10 ||   199
       Rpst.: Long sword |    15 |    22 |       ||    37
